 Dungeon Crawl Stone Soup version 0.26-a0-1129-gc5df7fbe6a (webtiles) character file.

Game seed: 6585947462833148829

6773 Nicket52 the Fighter (level 10, -6/91 HPs)
             Began as a Minotaur Monk on Dec 18, 2020.
             Was a High Priest of Cheibriados.
             Mangled by an eight-headed hydra (7 damage)
             ... on level 9 of the Dungeon on Feb 13, 2021.
             The game lasted 00:38:10 (10807 turns).

Nicket52 the Fighter (Minotaur Monk)               Turns: 10807, Time: 00:38:11

Health: -6/91      AC: 16    Str: 30    XL:     10   Next: 76%
Magic:  8/14       EV: 13    Int: 19    God:    Cheibriados [*****.]
Gold:   149        SH: 13    Dex: 23    Spells: 12/16 levels left

rFire    x x .     SeeInvis .   k - +3 falchion (holy)
rCold    + + .     Faith    .   F - +0 kite shield
rNeg     . . .     Spirit   .   K - +3 chain mail {Will+}
rPois    .         Reflect  .   B - +2 hat
rElec    .         Harm     .   (no cloak)
rCorr    .         Rampage  .   z - +0 pair of gloves
Will     +....                  (no boots)
Stlth    ..........             g - amulet of regeneration
HPRegen  0.65/turn              R - ring of ice
MPRegen  0.14/turn              T - ring of ice

@: very slow
A: retaliatory headbutt, horns 2
a: Renounce Religion, Bend Time, Temporal Distortion, Slouch, Step From Time


You were on level 9 of the Dungeon.
You worshipped Cheibriados.
Cheibriados was extremely pleased with you.
You visited 2 branches of the dungeon, and saw 10 of its levels.

You collected 539 gold pieces.
You spent 390 gold pieces at shops.

Inventory:

Hand Weapons
 k - a +3 falchion of holy wrath (weapon)
 H - a +2 antimagic quarterstaff
 O - a +0 spectral quarterstaff
Missiles
 v - 5 silver boomerangs (quivered)
 J - 9 boomerangs of dispersal
 M - 56 bolts
 N - 2 atropa-tipped darts
 U - 6 datura-tipped darts
Armour
 x - a cursed +0 leather armour
 z - a +0 pair of gloves (worn)
 B - a +2 hat (worn)
 F - a +0 kite shield (worn)
 K - a +3 chain mail of willpower (worn)
Magical Staves
 e - an uncursed staff of air {unknown}
Jewellery
 f - an uncursed amulet of magic regeneration
 g - an amulet of regeneration (around neck)
 R - a ring of ice (left hand)
 T - a ring of ice (right hand)
 Z - an uncursed ring of see invisible
Wands
 w - a wand of paralysis (9)
 A - a wand of iceblast (23)
 L - a wand of acid (19)
 V - a wand of polymorph (11)
Scrolls
 c - 7 scrolls of teleportation
 d - a scroll of random uselessness {unknown}
 j - 2 scrolls of blinking
 n - a scroll of identify
 p - 2 scrolls of enchant weapon {unknown}
 s - a scroll of torment {unknown}
 y - 5 scrolls of remove curse
 C - 2 scrolls of amnesia {unknown}
 E - a scroll of magic mapping {unknown}
 Q - 3 scrolls of noise {unknown}
 W - 2 scrolls of enchant armour
 X - a scroll of holy word {unknown}
 Y - a scroll of fog {unknown}
Potions
 a - a potion of flight {unknown}
 h - 4 potions of lignification
 i - a potion of ambrosia
 l - 6 potions of magic
 m - a potion of invisibility {unknown}
 o - a potion of cancellation {unknown}
 I - a potion of curing
 P - a potion of haste {unknown}
 S - a potion of brilliance {unknown}


   Skills:
 * Level 9.3 Fighting
 + Level 8.7 Long Blades
 + Level 6.9 Axes
 + Level 1.3 Throwing
 + Level 5.8 Armour
 + Level 6.9 Dodging
 - Level 3.0 Stealth
 * Level 7.1 Shields
 * Level 3.7 Spellcasting
 * Level 2.7 Invocations


You had 12 spell levels left.
You knew the following spells:

 Your Spells              Type           Power        Failure   Level
a - Animate Skeleton      Necr           6%           87%         1
b - Apportation           Tloc           6%           87%         1
c - Corona                Hex            3%           87%         1
d - Summon Small Mammal   Summ           12%          87%         1

Your spell library contained the following spells:

 Spells                   Type           Power        Failure   Level


Dungeon Overview and Level Annotations

Branches:
Dungeon (9/15)             Temple (0/1) D:6            Lair (1/6) D:9
    Orc: D:9-12

Altars:
Cheibriados
Dithmenos
Fedhas
Kikubaaqudgha
Makhleb
Okawaru
Qazlal
Uskayaw
Vehumet
Wu Jian
Xom
The Shining One

Shops:
D:4 [[(*:   D:8 *[*

Annotations:
D:4 AXE IN SHOP


Innate Abilities, Weirdness & Mutations

You reflexively headbutt those who attack you in melee.
You have a pair of horns on your head.


Message History

You block the eight-headed hydra's attack.
The eight-headed hydra closely misses you.
The eight-headed hydra bites you but does no damage.
The eight-headed hydra misses you.
The eight-headed hydra bites you but does no damage.
The eight-headed hydra bites you.
* * * LOW HITPOINT WARNING * * *
The flow of time bends around you.
The eight-headed hydra resists with some effort.
You block the eight-headed hydra's attack.
The eight-headed hydra bites you!
* * * LOW HITPOINT WARNING * * *
You block the eight-headed hydra's attack.
The eight-headed hydra bites you!
* * * LOW HITPOINT WARNING * * *
The eight-headed hydra misses you.
The eight-headed hydra barely misses you.
The eight-headed hydra bites you but does no damage.
The eight-headed hydra bites you!
You die...

.........)..................#
.#######...............[....# .#
#....................# .#
#.....P..............# .#
#....P...............# .#
#......PP...PP......## .#
#..♣.......P...####.# .#
#......P.P.......(#.###### .#
##.P...P..@..♣.....#....... .#
#.....P.PDP.♣......#....... .#
#....P...P.........#.......
.######.[.♣.P.P..P...P...+.......
..................♣......#.......
..........P..P♣..........'.......
###..............P...#...#.......
..#..<......P........#####.......
..#....######...♣................


You could see an eight-headed hydra.

Vanquished Creatures
  An oklob plant (D:8)
  Joseph (D:8)
  Prince Ribbit (D:8)
  2 basilisks (D:9)
  2 wyverns
  6 yaks (D:9)
  Menkaure (D:5)
  4 water moccasins (D:9)
  A sky beast (D:5)
  A black bear (D:7)
  2 orc warriors
  6 ice beasts
  A sky beast (shapeshifter) (D:9)
  A phantom (D:8)
  3 centaurs
  4 ogres
  2 bullfrogs
  3 gnoll sergeants (D:8)
  A wyvern skeleton (D:9)
  A water moccasin skeleton (D:7)
  2 scorpions (D:9)
  12 wights
  5 killer bees (D:7)
  2 howler monkeys (D:4)
  2 bullfrog zombies (D:9)
  A quasit (D:3)
  3 hounds
  4 orc priests
  3 orc wizards
  A bullfrog skeleton (D:5)
  Terence (D:3)
  An iguana (D:6)
  7 worker ants
  A hound zombie (D:8)
  A howler monkey zombie (D:5)
  3 worker ant zombies
  8 adders
  3 shadow imps
  2 white imps
  3 ufetubi
  3 oozes
  An adder zombie (D:6)
  An adder skeleton (D:9)
  2 worms
  3 dart slugs
  A leopard gecko (D:1)
  13 orcs
  3 giant cockroaches
  4 goblins
  5 hobgoblins
  A jackal (D:9)
  9 kobolds
  A ball python (D:1)
  2 bats
  4 frilled lizards
  A jackal skeleton (D:4)
  A leopard gecko skeleton (D:6)
  A leopard gecko zombie (D:6)
  2 quokka skeletons
  6 rats
173 creatures vanquished.

Vanquished Creatures (others)
  3 fungi (D:8)
  11 plants
14 creatures vanquished.

Grand Total: 187 creatures vanquished

Notes
Turn   | Place    | Note
-------+----------+-------------------------------------------
     0 | D:1      | Nicket52 the Minotaur Monk began the quest for the Orb.
     0 | D:1      | Reached XP level 1. HP: 19/19 MP: 0/0
    65 | D:1      | Reached XP level 2. HP: 12/27 MP: 1/1
   626 | D:1      | Reached skill level 4 in Fighting
  1202 | D:3      | Reached XP level 3. HP: 27/33 MP: 2/2
  1957 | D:3      | Reached XP level 4. HP: 13/41 MP: 3/3
  2391 | D:3      | Noticed Terence
  2405 | D:3      | Killed Terence
  2406 | D:3      | Reached XP level 5. HP: 23/47 MP: 4/4
  2659 | D:4      | Found a snail-covered altar of Cheibriados.
  2665 | D:4      | Noticed an ogre
  2673 | D:4      | Killed an ogre
  2674 | D:4      | Reached skill level 5 in Fighting
  2674 | D:4      | Reached skill level 5 in Axes
  2817 | D:4      | Found an iron altar of Okawaru.
  2878 | D:4      | Reached XP level 6. HP: 9/56 MP: 5/5
  3244 | D:4      | Noticed an ice beast
  3253 | D:4      | Killed an ice beast
  3254 | D:4      | Reached skill level 5 in Dodging
  3415 | D:4      | Found Wafohuxu's Assorted Antiques.
  3421 | D:4      | Bought an emerald potion for 26 gold pieces
  3421 | D:4      | Bought a golden potion for 26 gold pieces
  3421 | D:4      | Bought a scroll labelled WAHUQUARCHE for 29 gold pieces
  3421 | D:4      | Bought a murky pink potion for 26 gold pieces
  3421 | D:4      | Bought a scroll labelled QOIN COSEANE for 29 gold pieces
  3465 | D:4      | Found Nafynk's Armour Shoppe.
  3613 | D:4      | Reached XP level 7. HP: 44/61 MP: 6/6
  3716 | D:4      | Found Afuinni's Weapon Shop.
  3929 | D:4      | Found Ozeco's Antique Armour Shoppe.
  4017 | D:4      | Found Jootonuf's Book Shop.
  4143 | D:5      | Entered Level 5 of the Dungeon
  4220 | D:5      | Found a shimmering altar of Xom.
  4290 | D:5      | Reached skill level 1 in Long Blades
  4292 | D:5      | Learned a level 1 spell: Animate Skeleton
  4466 | D:5      | Found an ornate altar of the Wu Jian Council.
  4466 | D:5      | Noticed Menkaure
  4765 | D:4      | Became a worshipper of Cheibriados the Contemplative
  4765 | D:4      | Reached * piety under Cheibriados
  4765 | D:4      | Reached ** piety under Cheibriados
  5074 | D:5      | Reached skill level 6 in Fighting
  5079 | D:5      | Killed Menkaure
  5080 | D:5      | Reached skill level 1 in Shields
  5614 | D:6      | Found a shadowy altar of Dithmenos.
  5625 | D:6      | Found a staircase to the Ecumenical Temple.
  5792 | D:6      | Found an ancient bone altar of Kikubaaqudgha.
  5813 | D:6      | Reached XP level 8. HP: 71/71 MP: 8/8
  5932 | D:6      | Reached skill level 1 in Armour
  5932 | D:6      | Reached skill level 1 in Spellcasting
  6069 | D:6      | Found a burning altar of Makhleb.
  6481 | D:6      | Learned a level 1 spell: Apportation
  6646 | D:7      | Reached *** piety under Cheibriados
  6647 | D:7      | Reached skill level 7 in Fighting
  6935 | D:7      | Reached skill level 5 in Long Blades
  7397 | D:7      | Reached XP level 9. HP: 66/75 MP: 9/11
  7516 | D:7      | Found a shadowy altar of Dithmenos.
  7661 | D:7      | Reached skill level 1 in Invocations
  8149 | D:7      | Reached **** piety under Cheibriados
  8174 | D:8      | Noticed Prince Ribbit
  8179 | D:8      | Found Cigivikk's Antique Armour Boutique.
  8181 | D:8      | Killed Prince Ribbit
  8271 | D:8      | Bought a glowing chain mail for 195 gold pieces
  8350 | D:8      | Noticed Joseph
  8364 | D:8      | Killed Joseph
  8365 | D:8      | Reached skill level 8 in Fighting
  8365 | D:8      | Reached skill level 1 in Throwing
  8365 | D:8      | Reached skill level 5 in Shields
  8627 | D:8      | Found Gusiry's Assorted Antiques.
  8635 | D:8      | Bought a viscous amethyst potion for 23 gold pieces
  8718 | D:8      | Found a blossoming altar of Fedhas.
  8736 | D:8      | Noticed an oklob plant
  8798 | D:8      | Found a radiant altar of Vehumet.
  8884 | D:8      | Found Wucza's General Store.
  8892 | D:8      | Bought a potion of curing for 36 gold pieces
  8929 | D:8      | Found a glowing golden altar of the Shining One.
  9016 | D:8      | Reached XP level 10. HP: 70/89 MP: 13/13
  9249 | D:8      | Killed an oklob plant
  9727 | D:9      | Learned a level 1 spell: Corona
  9729 | D:9      | Learned a level 1 spell: Summon Small Mammal
  9802 | D:9      | Reached skill level 5 in Armour
  9915 | D:9      | Reached ***** piety under Cheibriados
 10231 | D:9      | Reached skill level 9 in Fighting
 10399 | D:9      | Found a staircase to the Lair.
 10539 | D:9      | Found a stormy altar of Qazlal.
 10659 | D:9      | Found a hide-covered altar of Uskayaw.
 10794 | Lair:1   | Entered Level 1 of the Lair of Beasts
 10794 | Lair:1   | Noticed a four-headed hydra
 10807 | D:9      | HP: 1/91 [eight-headed hydra (9)]
 10807 | D:9      | Mangled by an eight-headed hydra

Illustrated notes

Levels and vault maps discovered:
D:1:      elethiomel_arrival_shortcut, layout_basic,
          chequers_serial_rivers_large_a
D:2:      layout_basic, lemuel_doored_altar, bloody_trog, lemuel_round_altar,
          st_stairs_13, due_unseen_surprise, uniq_robin
D:3:      layout_loops_ring, uniq_terence
D:4:      layout_loops_corners, cheibriados_altar_1, serial_shops,
          nicolae_shop_waterfront, kennysheep_little_box, nicolae_shop_stone,
          shop, kennysheep_mini_moat, grunt_ministairs_13,
          okawaru_ov_weapons_minmay
D:5:      minmay_bubble_buster, layout_loops_ring, overflow_temple_1_default,
          lemuel_coloured_pillars_altar, minmay_misc_feat_square,
          uniq_crazy_yiuf_cottage, uniq_menkaure
D:6:      layout_cave_pods, lemuel_crystal_altar,
          nicolae_overflow_crystal_walls, minmay_temple_entry_trees,
          grunt_dithmenos_smoke
D:7:      layout_basic, kennysheep_mini, minmay_unpleasant_kobolds
D:8:      layout_basic, nicolae_tso_carved_into_rock, overflow_temple_1_default,
          tgw_fedhas, serial_shops, shop_statue, shop,
          nicolae_shop_behind_doors, sword_in_stone, uniq_joseph,
          uniq_prince_ribbit1
D:9:      minmay_opposing_rooms, layout_irregular_city, general_overflow_altar,
          minmay_lair_entry_grove, nicolae_qazlal_eye_of_the_storm
Lair:1:   layout_cave_pods, minmay_lair_oklob_chamber

Skill      XL: |  1  2  3  4  5  6  7  8  9 10 |
---------------+-------------------------------+-----
Axes           | 4 5 6 |  6.9
Fighting       | 4 5 6 7 8 9 |  9.3
Dodging        | 4 5 6 |  6.9
Stealth        | 2 3 |  3.0
Long Blades    | 2 5 7 8 |  8.7
Shields        | 1 3 5 7 |  7.1
Armour         | 2 4 5 |  5.8
Spellcasting   | 2 3 |  3.7
Invocations    | 1 2 |  2.7
Throwing       | 1 |  1.3

Action                   |  1- 3 |  4- 6 |  7- 9 | 10-12 || total
-------------------------+-------+-------+-------+-------++-------
Melee: Hand axe          |    68 |    50 |       |       ||   118
       Headbutt          |     5 |    15 |    82 |    67 ||   169
       Falchion          |       |    13 |   227 |   148 ||   388
Throw: Boomerang         |       |       |     5 |       ||     5
Invok: Bend Time         |       |       |     2 |     3 ||     5
Evoke: Wand              |       |       |       |     1 ||     1
  Use: Scroll            |       |     4 |     9 |     1 ||    14
       Potion            |       |       |     2 |     5 ||     7
 Stab: Sleeping          |     1 |       |     3 |       ||     4
       Distracted        |       |       |     1 |       ||     1
Armor: Robe              |    11 |     6 |     1 |       ||    18
       Ring mail         |       |       |    40 |       ||    40
       Chain mail        |       |       |     8 |    84 ||    92
Dodge: Dodged            |    73 |    42 |   176 |    98 ||   389
Block: Buckler           |       |       |    75 |    43 ||   118
       Kite shield       |       |       |       |    24 ||    24
       Rpst.: Falchion   |       |     6 |    44 |    16 ||    66

Table legend: (Time is in decaauts)
 A = Elapsed time spent in this place.
 B = Non-inter-level travel time spent in this place.
 C = Inter-level travel time spent in this place.
 D = Time resting spent in this place.
 E = Time spent auto-exploring this place.
 F = Levels seen in this place.
 G = Mean time per level.
                   A        B        C        D        E       F      G
               +--------+--------+--------+--------+--------+-----+--------+
         Total |  12899 |  12294 |    605 |    531 |   9861 |  10 | 1289.9 |
       Dungeon |  12891 |  12286 |    605 |    531 |   9861 |   9 | 1432.3 |
          Lair |      7 |      7 |      0 |      0 |      0 |   1 |    7.0 |
               +--------+--------+--------+--------+--------+-----+--------+

Top non-repeatable levels by time:
     D:4: 1927 daAuts
     D:8: 1876 daAuts
     D:9: 1793 daAuts
     D:7: 1678 daAuts
     D:6: 1608 daAuts
     D:3: 1550 daAuts
     D:5: 1326 daAuts
     D:1: 1051 daAuts
     D:2: 78 daAuts
  Lair:1: 7 daAuts
